 Dungeon Crawl Stone Soup version 0.23-a0-384-g3a68796 (webtiles) character file.

26492 Firecrotchwizard the Geomancer (level 13, -15/80 HPs)
             Began as a Gargoyle Earth Elementalist on Oct 27, 2018.
             Was a High Priest of Vehumet.
             Killed from afar by an ice dragon (44 damage)
             ... with a blast of cold
             ... in an ice cave.
             The game lasted 00:52:32 (16046 turns).

Firecrotchwizard the Geomancer (GrEE)              Turns: 16046, Time: 00:52:32

Health: -15/80     AC: 29    Str: 12    XL:     13   Next: 26%
Magic:  2/25       EV: 11    Int: 21    God:    Vehumet [*****.]
Gold:   204        SH:  0    Dex: 14    Spells: 17/28 levels left

rFire    + . .     SeeInvis .   y - +3 flail (protect)
rCold    . . .     Gourm    .   (no shield)
rNeg     + . .     Faith    .   i - +4 ring mail of Complete Protection {Regen+ Dex+4}
rPois    ∞         Spirit   .   (no helmet)
rElec    +         Reflect  .   (no cloak)
rCorr    .         Harm     .   f - +2 pair of gloves
MR       .....                  L - +2 pair of boots (curse)
Stlth    +.........             (no amulet)
HPRegen  0.63/turn              A - ring of protection from fire {rF+, !d}
MPRegen  0.19/turn              v - +3 ring of protection

@: no status effects
A: negative energy resistance 1, electricity resistance, unbreathing,
petrification resistance, rot immunity, AC +9
a: Renounce Religion


You were in an ice cave.
You worshipped Vehumet.
Vehumet was extremely pleased with you.
You were not hungry.

You visited 3 branches of the dungeon, and saw 14 of its levels.
You also visited: Ossuary, Ice Cave and Volcano.

You collected 755 gold pieces.
You spent 551 gold pieces at shops.

Inventory:

Hand Weapons
 u - a +2 great mace of flaming
   (You took it off a two-headed ogre in a volcano)
 y - a +3 flail of protection (weapon)
   (You took it off Edmund on level 5 of the Dungeon)
 J - the +1 war axe of the Pyrrhic Victory {chop, rF+ rC+ Int+4}
   (You found it on level 1 of the Lair of Beasts)

   It inflicts extra damage upon your enemies.
   It affects your intelligence (+4).
   It protects you from fire.
   It protects you from cold.
Missiles
 b - 195 stones (quivered)
 e - 3 throwing nets {=f, !d}
 z - 3 curare-tipped needles
Armour
 f - a +2 pair of gloves (worn)
   (You found it on level 9 of the Dungeon)
 i - the +4 ring mail of Complete Protection (worn) {Regen+ Dex+4}
   (You bought it in a shop on level 7 of the Dungeon)

   It affects your dexterity (+4).
   It increases your rate of regeneration.
 L - a cursed +2 pair of boots (worn)
   (You found it on level 1 of the Lair of Beasts)
Jewellery
 t - an uncursed ring of positive energy {rN+}
   (You found it on level 3 of the Dungeon)
 v - a +3 ring of protection (right hand)
   (You found it on level 3 of the Dungeon)
 A - a ring of protection from fire (left hand) {rF+, !d}
   (You took it off an orc on level 4 of the Dungeon)
 G - an uncursed amulet of guardian spirit {Spirit}
   (You found it on level 5 of the Dungeon)
Wands
 n - a wand of clouds (11)
   (You found it on level 10 of the Dungeon)
 o - a wand of flame (46)
   (You took it off Sigmund on level 4 of the Dungeon)
 w - a wand of paralysis (41)
   (You found it on level 10 of the Dungeon)
 F - a wand of random effects (27)
   (You found it on level 11 of the Dungeon)
 H - a wand of disintegration (14)
   (You found it on level 1 of the Lair of Beasts)
 K - a wand of iceblast (16)
   (You found it on level 7 of the Dungeon)
Scrolls
 a - 6 scrolls of remove curse
 h - a scroll of fear
 j - a scroll of blinking {!r}
 q - 5 scrolls of teleportation
 s - 13 scrolls of identify
Potions
 c - 2 potions of heal wounds {unknown}
 g - 5 potions of mutation {unknown}
 k - a potion of cancellation {unknown}
 l - 2 potions of lignification {unknown}
 m - 8 potions of curing {unknown}
 p - 2 potions of brilliance {unknown}
 x - 2 potions of haste
 B - 4 potions of degeneration {unknown}
 C - 3 potions of flight {unknown}
 D - 4 potions of agility
 I - a potion of might {unknown}
 M - 3 potions of berserk rage {unknown}
 N - a potion of resistance {unknown}
Miscellaneous
 E - a phantom mirror
Comestibles
 d - 35 rations


   Skills:
 + Level 9.1 Fighting
 * Level 11.3 Maces & Flails
 + Level 6.1 Armour
 - Level 1.5 Dodging
 - Level 2.1 Stealth
 - Level 8.4 Spellcasting
 - Level 8.4 Conjurations
   Level 0.7 Transmutations
 - Level 13.4 Earth Magic


You had 17 spell levels left.
You knew the following spells:

 Your Spells              Type           Power        Failure   Level  Hunger
a - Sandblast             Erth           ######       1%          1    None
b - Blink                 Tloc           N/A          24%         2    None
x - Stone Arrow           Conj/Erth      ######       1%          3    None
z - Lee's Rapid Deconstr  Erth           ######....   1%          5    #####..

Your spell library contained the following spells:

 Spells                   Type           Power        Failure   Level  Hunger
 Bolt of Draining         Conj/Necr      ####......   19%         5    #####..
 Magic Dart               Conj           ####         1%          1    None
 Passwall                 Tmut/Erth      #####...     1%          2    None
 Conjure Flame            Conj/Fire      ####....     2%          3    None
 Mephitic Cloud           Conj/Pois/Air  ###.....     4%          3    None
 Petrify                  Tmut/Erth      #####...     9%          4    ###....
 Confusing Touch          Hex            #.....       16%         1    None
 Call Imp                 Summ           #.......     24%         2    None
 Slow                     Hex            #.......     24%         2    None
 Confuse                  Hex            #.......     43%         3    None
 Gell's Gravitas          Tloc           #.........   43%         3    None
 Yara's Violent Unravell  Hex/Tmut       ##........   65%         5    #####..
 Metabolic Englaciation   Hex/Ice        #.........   99%         5    #####..


Dungeon Overview and Level Annotations

Branches:
Dungeon (11/15)            Temple (1/1) D:7            Lair (2/6) D:11
 Shoals (0/4) Lair:2        Snake (0/4) Lair:2          Orc (0/2) D:10

Altars:
Ashenzari
Cheibriados
Fedhas
Hepliaklqana
Kikubaaqudgha
Makhleb
Nemelex Xobeh
Qazlal
Sif Muna
Uskayaw
Vehumet
Wu Jian
Xom
Zin
The Shining One

Shops:
D:5 *   D:7 [

Annotations:
D:4 1 runed door


Innate Abilities, Weirdness & Mutations

You are resistant to torment.
Your stone body is resilient. (AC +9)
You are immune to poison.
You resist negative energy. (rN+)
You are resistant to electric shocks. (rElec)
You can survive without breathing.
You are immune to petrification.
You are immune to rotting.


Message History

b - 200 stones (gained 1) MP restored: 25 Health restored: 80 An ice dragon comes into view.
An ice dragon comes into view.
The ice dragon roars deafeningly! x2
The ice dragon breathes frost at you. The blast of cold hits you!
You take 15 damage, and have 65/80 hp.
Aim: an ice dragon (catching its breath)
You create a blast of noxious fumes!
The ice dragon breathes frost at you. The blast of cold hits you!
You take 5 damage, and have 60/80 hp.
You start resting.
The ice dragon is too close now for your liking.
Aim: an ice dragon (noxious fumes, catching its breath)
The stone arrow hits the ice dragon.
You now have 22/25 mp.
Aim: an ice dragon (noxious fumes, moderately wounded)
The stone arrow hits the ice dragon.
You now have 19/25 mp.
Aim: an ice dragon (noxious fumes, heavily wounded)
The stone arrow hits the ice dragon.
The ice dragon bites you.
The ice dragon claws you but does no damage.
The ice dragon tramples you!
You hold your ground!
You take 10 damage, and have 53/80 hp.
You now have 16/25 mp.
Aim: an ice dragon (heavily wounded)
The stone arrow hits the ice dragon.
The ice dragon bites you. The ice dragon claws you!
The ice dragon tramples you but does no damage.
You take 15 damage, and have 38/80 hp.
You now have 14/25 mp.
Aim: an ice dragon (severely wounded)
The stone arrow hits the ice dragon.
The ice dragon breathes frost at you. The blast of cold hits you!
The ice dragon bites you but does no damage.
The ice dragon claws you but does no damage.
The ice dragon closely misses you.
You now have 11/25 mp.
Aim: an ice dragon (almost dead)
The stone arrow hits the ice dragon.
You kill the ice dragon!
Vehumet accepts your kill.
Vehumet offers you knowledge of Bolt of Draining.
You feel your power returning.
Aim: an ice dragon (catching its breath)
The stone arrow hits the ice dragon.
The ice dragon bites you but does no damage.
The ice dragon misses you.
The ice dragon tramples you but does no damage.
You now have 8/25 mp.
Aim: an ice dragon (catching its breath)
The blast of sand hits the ice dragon.
b - 199 stones The ice dragon bites you but does no damage.
The ice dragon claws you but does no damage.
The ice dragon tramples you but does no damage.
You now have 7/25 mp.
Aim: an ice dragon (lightly wounded, catching its breath)
The blast of sand hits the ice dragon.
b - 198 stones The ice dragon bites you but does no damage.
The ice dragon claws you.
The ice dragon tramples you but does no damage.
You take 3 damage, and have 38/80 hp.
You now have 6/25 mp.
Aim: an ice dragon (lightly wounded)
The blast of sand hits the ice dragon.
b - 197 stones The ice dragon closely misses you.
The ice dragon claws you but does no damage.
The ice dragon tramples you but does no damage.
You hit the ice dragon.
Your weapon exudes an aura of protection.
The ice dragon bites you but does no damage.
The ice dragon claws you but does no damage.
The ice dragon tramples you but does no damage.
The ice dragon breathes frost at you. The blast of cold misses you.
You see here an ice dragon corpse.
Aim: an ice dragon (lightly wounded, catching its breath)
The blast of sand hits the ice dragon.
b - 196 stones The ice dragon bites you!
The ice dragon claws you but does no damage.
The ice dragon tramples you.
You hold your ground!
You take 12 damage, and have 28/80 hp.
You now have 5/25 mp.
Aim: an ice dragon (lightly wounded, catching its breath)
The blast of sand hits the ice dragon.
b - 195 stones The ice dragon bites you but does no damage.
The ice dragon barely misses you.
The ice dragon tramples you but does no damage.
You now have 4/25 mp.
Aim: an ice dragon (moderately wounded, catching its breath)
The stone arrow hits the ice dragon.
The ice dragon breathes frost at you. The blast of cold hits you!
Ouch! That really hurt!
You die...

#...##
###.###
##.#..#
#..##.##
#...#..#
##.#...##
#..#####
#.D.#
#.@##
#.## #§.
#...
##...
D...
.....
#...=$


You could see an ice dragon.

Vanquished Creatures
  An ice dragon (IceCv)
  Harold (D:8)
  4 hydras
  4 two-headed ogres
  2 unseen horrors (D:11)
  Pikel (D:4)
  A manticore (D:11)
  An ugly thing (D:11)
  A black mamba (Lair:2)
  2 ice statues (IceCv)
  A gargoyle (D:11)
  A spiny frog (Lair:1)
  A rime drake (IceCv)
  3 komodo dragons
  7 trolls
  4 hippogriffs
  2 dream sheep (D:9)
  Sigmund (D:4)
  3 basilisks
  15 yaks
  A hungry ghost (D:11)
  Menkaure (D:5)
  An acid dragon (D:11)
  Edmund (D:5)
  A hell hound (Volcano)
  2 water moccasins
  3 porcupines (D:11)
  Duvessa (D:5)
  2 hornet zombies (D:10)
  4 orc warriors
  17 ice beasts
  5 black bears
  5 ogres
  2 phantoms
  4 sky beasts
  3 wolves (Lair:1)
  A necrophage (D:10)
  13 centaurs
  8 big kobolds
  4 crocodiles
  6 bullfrogs
  8 gnoll sergeants
  Dowan (D:5)
  2 scorpions (D:11)
  A wyvern skeleton (D:9)
  4 killer bees (D:8)
  8 wights
  A howler monkey (D:4)
  A centaur zombie (Ossuary)
  4 crimson imps
  A quasit (D:10)
  A bullfrog zombie (D:5)
  A human zombie (Ossuary)
  2 orc priests
  2 jellies
  9 hounds
  6 orc wizards
  2 bullfrog skeletons (D:10)
  Jessica (D:3)
  An iguana (D:5)
  9 worker ants
  2 hell rats (Lair:1)
  2 hound zombies
  2 mummies (Ossuary)
  15 gnolls
  A howler monkey skeleton (D:8)
  10 adders
  6 river rats (Lair:1)
  3 adder zombies
  2 adder skeletons
  4 worms
  3 dart slugs
  6 leopard geckos
  38 orcs
  A ball python (D:3)
  8 bats
  8 giant cockroaches
  9 goblins
  5 hobgoblins
  2 jackals (D:10)
  15 kobolds
  4 quokkas
  7 frilled lizards
  2 goblin zombies (Ossuary)
  13 hobgoblin zombies
  3 jackal zombies (Ossuary)
  10 kobold zombies (Ossuary)
  A leopard gecko skeleton (D:5)
  6 orc zombies (Ossuary)
  10 rats
  A rat zombie (Ossuary)
405 creatures vanquished.

Vanquished Creatures (others)
  A two-headed ogre (Volcano)
  32 fungi (D:11)
  17 plants (D:11)
50 creatures vanquished.

Grand Total: 455 creatures vanquished

Notes
Turn   | Place    | Note
-------+----------+-------------------------------------------
     0 | D:1      | Firecrotchwizard the Gargoyle Earth Elementalist began the
                  | quest for the Orb.
     0 | D:1      | Reached XP level 1. HP: 10/10 MP: 3/3
     0 | D:1      | Upgraded the game from 0.23-a0-375-g66a18ee to
                  | 0.23-a0-384-g3a68796
   188 | D:1      | Reached skill level 4 in Earth Magic
   297 | D:1      | Reached XP level 2. HP: 10/15 MP: 3/5
  1363 | D:2      | Reached skill level 5 in Earth Magic
  1363 | D:2      | Reached XP level 3. HP: 17/19 MP: 4/6
  1721 | D:2      | Found a faded altar of an unknown god.
  2077 | D:2      | Learned a level 3 spell: Stone Arrow
  2092 | D:2      | Reached XP level 4. HP: 19/24 MP: 3/7
  2524 | D:3      | Reached skill level 1 in Conjurations
  2536 | D:3      | Reached skill level 6 in Earth Magic
  2545 | D:3      | Found a stormy altar of Qazlal.
  2565 | D:3      | Noticed Jessica
  2574 | D:3      | Killed Jessica
  2574 | D:3      | Reached skill level 2 in Conjurations
  2574 | D:3      | Reached XP level 5. HP: 23/28 MP: 6/8
  3230 | D:4      | Noticed an ogre
  3235 | D:4      | Killed an ogre
  3235 | D:4      | Reached skill level 3 in Conjurations
  3235 | D:4      | Reached skill level 7 in Earth Magic
  3235 | D:4      | Reached XP level 6. HP: 23/32 MP: 1/9
  3236 | D:4      | Noticed Pikel
  3236 | D:4      | Noticed a slave
  3485 | D:4      | Reached skill level 4 in Conjurations
  3761 | D:4      | Reached XP level 7. HP: 25/36 MP: 6/10
  3859 | D:4      | Found a runed door.
  3910 | D:4      | Killed Pikel
  3910 | D:4      | Reached skill level 6 in Conjurations
  3910 | D:4      | Reached skill level 9 in Earth Magic
  3910 | D:4      | Reached XP level 8. HP: 34/41 MP: 5/11
  4116 | D:4      | HP: 2/42 [orc priest/divine providence (14)]
  4119 | D:4      | Reached skill level 1 in Maces & Flails
  4482 | D:4      | Noticed Sigmund
  4487 | D:4      | Killed Sigmund
  4487 | D:4      | Reached skill level 1 in Fighting
  4487 | D:4      | Reached skill level 2 in Maces & Flails
  4678 | D:4      | Found a snail-covered altar of Cheibriados.
  4850 | D:5      | Entered Level 5 of the Dungeon
  4859 | D:5      | Noticed Duvessa
  4859 | D:5      | Noticed Dowan
  4869 | D:5      | Reached skill level 2 in Fighting
  4873 | D:5      | Killed Duvessa
  4873 | D:5      | Reached skill level 3 in Maces & Flails
  4877 | D:5      | Killed Dowan
  4993 | D:5      | Reached skill level 3 in Fighting
  4993 | D:5      | Reached skill level 4 in Maces & Flails
  5012 | D:5      | Found a sand-covered staircase.
  5049 | Ossuary  | Entered an ossuary
  5527 | D:5      | Reached skill level 5 in Maces & Flails
  5527 | D:5      | Reached XP level 9. HP: 44/52 MP: 8/12
  5639 | D:5      | Reached skill level 4 in Fighting
  5689 | D:5      | Noticed Menkaure
  5692 | D:5      | Killed Menkaure
  5767 | D:5      | Found Wuab's General Store.
  6050 | D:5      | Noticed Edmund
  6056 | D:5      | Killed Edmund
  6289 | D:6      | Reached skill level 6 in Maces & Flails
  6460 | D:6      | Reached skill level 5 in Fighting
  6469 | D:6      | Reached skill level 7 in Maces & Flails
  7049 | D:6      | Reached skill level 6 in Fighting
  7123 | D:6      | Reached skill level 8 in Maces & Flails
  7334 | D:7      | Found a staircase to the Ecumenical Temple.
  7342 | Temple   | Entered the Ecumenical Temple
  7345 | Temple   | Became a worshipper of Vehumet
  7502 | D:7      | Reached XP level 10. HP: 34/61 MP: 13/13
  7895 | D:7      | Found a sparkling altar of Nemelex Xobeh.
  8220 | D:7      | Found Hasih's Armour Shoppe.
  8698 | D:8      | Noticed Harold
  8837 | D:8      | Reached skill level 1 in Armour
  9069 | D:8      | Noticed a two-headed ogre
  9431 | D:8      | Killed a two-headed ogre
  9431 | D:8      | Reached skill level 7 in Fighting
  9431 | D:8      | Reached skill level 9 in Maces & Flails
  9431 | D:8      | Reached skill level 2 in Armour
  9633 | D:8      | Killed Harold
  9633 | D:8      | Reached skill level 3 in Armour
  9976 | D:8      | Reached * piety under Vehumet
  9976 | D:8      | Offered knowledge of Shock by Vehumet.
  9987 | D:8      | Learned a level 5 spell: Lee's Rapid Deconstruction
 10409 | D:8      | HP: 15/64 [yak (3)]
 10669 | D:9      | Reached skill level 3 in Spellcasting
 10778 | D:9      | Reached skill level 7 in Conjurations
 10778 | D:9      | Reached XP level 11. HP: 65/68 MP: 11/15
 10874 | D:9      | Reached skill level 10 in Earth Magic
 11244 | D:9      | Noticed a three-headed hydra
 11250 | D:9      | Killed a three-headed hydra
 11250 | D:9      | Reached skill level 4 in Spellcasting
 11439 | D:9      | Offered knowledge of Freeze by Vehumet.
 11446 | D:9      | Reached ** piety under Vehumet
 11865 | D:10     | Entered Level 10 of the Dungeon
 11890 | D:10     | Reached skill level 8 in Conjurations
 11998 | D:10     | Noticed a two-headed ogre
 12005 | D:10     | Killed a two-headed ogre
 12308 | D:10     | Reached skill level 5 in Spellcasting
 12489 | D:10     | Reached skill level 11 in Earth Magic
 12895 | D:7      | Bought the +4 ring mail of Complete Protection {Regen+
                  | Dex+4} for 551 gold pieces
 12996 | D:10     | Offered knowledge of Throw Frost by Vehumet.
 13197 | D:10     | Found a staircase to the Orcish Mines.
 13255 | D:10     | Reached skill level 6 in Spellcasting
 13260 | D:10     | Reached *** piety under Vehumet
 13414 | D:11     | Offered knowledge of Airstrike by Vehumet.
 13554 | D:11     | Reached XP level 12. HP: 60/73 MP: 13/21
 13556 | D:11     | Reached skill level 12 in Earth Magic
 13558 | D:11     | HP: 14/73 [yak (6)]
 13665 | D:11     | Noticed an eight-headed hydra
 13668 | D:11     | Killed an eight-headed hydra
 13668 | D:11     | Reached skill level 7 in Spellcasting
 13718 | D:11     | Found a burning altar of Makhleb.
 13718 | D:11     | Noticed a blizzard demon
 13753 | D:11     | Noticed a two-headed ogre
 13770 | D:11     | Killed a two-headed ogre
 13855 | D:11     | Reached **** piety under Vehumet
 13870 | D:11     | Found a staircase to the Lair.
 13920 | D:11     | Reached skill level 13 in Earth Magic
 13923 | D:11     | Reached skill level 8 in Spellcasting
 14249 | D:11     | Offered knowledge of Sticky Flame by Vehumet.
 14272 | D:11     | Learned a level 2 spell: Blink
 14479 | D:11     | Got a warped robe
 14523 | D:11     | Reached skill level 10 in Maces & Flails
 14593 | Lair:1   | Entered Level 1 of the Lair of Beasts
 14608 | Lair:1   | Got a crystal war axe
 14609 | Lair:1   | Identified the +1 war axe of the Pyrrhic Victory {chop, rF+
                  | rC+ Int+4} (You found it on level 1 of the Lair of Beasts)
 14618 | Lair:1   | Reached skill level 4 in Armour
 14717 | Lair:1   | Reached skill level 8 in Fighting
 15487 | Lair:2   | Found a frozen archway.
 15487 | Lair:2   | Noticed a seven-headed hydra
 15492 | Lair:2   | Killed a seven-headed hydra
 15492 | Lair:2   | Reached skill level 5 in Armour
 15493 | Lair:2   | Noticed a four-headed hydra
 15499 | Lair:2   | Killed a four-headed hydra
 15499 | Lair:2   | Reached XP level 13. HP: 79/79 MP: 21/25
 15550 | Lair:2   | Found a dark tunnel.
 15558 | Volcano  | Entered a volcano
 15686 | IceCv    | Entered an ice cave
 15725 | IceCv    | Reached skill level 11 in Maces & Flails
 15871 | IceCv    | Reached skill level 9 in Fighting
 16006 | IceCv    | Reached ***** piety under Vehumet
 16006 | IceCv    | Reached skill level 6 in Armour
 16026 | IceCv    | Noticed an ice dragon
 16027 | IceCv    | Noticed an ice dragon
 16037 | IceCv    | Killed an ice dragon
 16037 | IceCv    | Offered knowledge of Bolt of Draining by Vehumet.
 16046 | IceCv    | Killed from afar by an ice dragon

Vault maps used:
D:1:      psy_arrival_radial01
D:2:      chequers_ecumenical_altar_simple_redux
D:3:      grunt_qazlal_clouds, uniq_jessica
D:4:      hex_medium, chei_slow_surprise, uniq_crazy_yiuf_cottage, uniq_sigmund,
          uniq_pikel
D:5:      gup_sewer_entry_pipe, serial_shops, shop, enter_ossuary_3,
          first_ration, uniq_edmund, uniq_duvessa, uniq_menkaure
D:6:      corexii_shack, eino_small_chamber_without_monster
D:7:      lemuel_coloured_pillars_altar, minmay_temple_entry_grid,
          serial_aquarium, aquarium_bridge_square, aquarium_window_1,
          aquarium_window_fake, aquarium_window_2, aquarium_window_1,
          aquarium_view_2e, aquarium_view_2c, aquarium_pool_double,
          serial_shops, kennysheep_little_box
D:8:      uniq_harold
D:9:      enter_bailey_2, hangedman_ranch
D:10:     kennysheep_orc_monster_closet_entryway,
          hangedman_abyss_or_decor_stabs, kennysheep_generic_room_7
D:11:     due_lair_maze_entry_diamond, chequers_garden,
          makhleb_altar_promises_db
Temple:   dpeg_three_leaves_temple
Lair:1:   kennysheep_rathole
Lair:2:   shoals_dummy_entry, guppyfry_snake_entry_garden,
          portal_ice_cave_entry_pillars_1, nicolae_volcano_entry_two_sided,
          st_stairs_4, grunt_megastairs_5, lemuel_fruit_tree
Ossuary:  ossuary_tomb_1
IceCv:    ice_cave_small_dragons
Volcano:  volcano_village

Skill      XL: |  1  2  3  4  5  6  7  8  9 10 11 12 13 |
---------------+----------------------------------------+-----
Earth Magic    | 4 5 6 7 9 11 13 | 13.4
Conjurations   | 2 3 4 6 7 8 |  8.4
Maces & Flails | 5 8 9 10 11 | 11.3
Fighting       | 3 6 7 8 9 |  9.1
Armour         | 3 5 6 |  6.1
Spellcasting   | 3 6 8 |  8.4
Dodging        | |  1.5
Stealth        | |  2.1
Transmutations | |  0.7

Action                   |  1- 3 |  4- 6 |  7- 9 | 10-12 | 13-15 || total
-------------------------+-------+-------+-------+-------+-------++-------
Melee: Short sword       |    51 |       |       |       |       ||    51
       Unarmed           |     2 |       |       |       |       ||     2
       Mace              |    81 |   129 |   314 |       |       ||   524
       Flail             |       |       |   154 |   729 |    24 ||   907
Throw: Stone             |     3 |     2 |    12 |     4 |     1 ||    22
 Cast: Sandblast         |     9 |    23 |    61 |   197 |    42 ||   332
       Stone Arrow       |       |     2 |    14 |    20 |     8 ||    44
       Lee's Rapid Decon |       |       |       |    16 |    10 ||    26
Evoke: Wand              |       |       |       |     1 |     1 ||     2
  Use: Scroll            |       |       |     2 |    21 |     1 ||    24
 Stab: Sleeping          |     3 |     2 |     2 |       |       ||     7
       Distracted        |       |       |       |     1 |       ||     1
       Confused          |       |       |       |     1 |       ||     1
  Eat: Chunk             |     4 |     6 |    15 |    30 |     4 ||    59
       Ration            |       |       |       |     1 |       ||     1
Armor: Robe              |    67 |    71 |   268 |       |       ||   406
       Ring mail         |       |       |       |   798 |    56 ||   854
Dodge: Dodged            |   107 |   112 |   384 |   579 |    46 ||  1228

Table legend:
 A = Non-vault XP
 B = Vault XP
 C = Vault XP percentage of total XP
 D = Non-vault monster count
 E = Vault monster count
 F = Vault count percentage of total count
                 A         B        C        D         E       F
            +---------+---------+-------+---------+---------+-------
      Total |   25640 |   12206 |  32.3 |     278 |     128 |  31.5
            +---------+---------+-------+---------+---------+-------
        D:1 |      29 |       0 |   0.0 |      16 |       0 |   0.0
        D:2 |      64 |       0 |   0.0 |      18 |       0 |   0.0
        D:3 |     162 |      37 |  18.6 |      26 |       1 |   3.7
        D:4 |     562 |     854 |  60.3 |      22 |       3 |  12.0
        D:5 |     443 |     574 |  56.4 |      16 |      13 |  44.8
        D:6 |    1541 |       2 |   0.1 |      21 |       1 |   4.5
        D:7 |     369 |       0 |   0.0 |      10 |       0 |   0.0
        D:8 |    3023 |    1007 |  25.0 |      39 |       1 |   2.5
        D:9 |    1583 |    2214 |  58.3 |      26 |       8 |  23.5
       D:10 |    3680 |    1243 |  25.2 |      28 |      21 |  42.9
       D:11 |    8896 |    1019 |  10.3 |      38 |      10 |  20.8
     Lair:1 |    2451 |     145 |   5.6 |      13 |       9 |  40.9
     Lair:2 |    2837 |     343 |  10.8 |       5 |       1 |  16.7
    Ossuary |       0 |     169 | 100.0 |       0 |      39 | 100.0
      IceCv |       0 |    4077 | 100.0 |       0 |      18 | 100.0
    Volcano |       0 |     522 | 100.0 |       0 |       3 | 100.0
            +---------+---------+-------+---------+---------+-------

Vault maps used:
D:1:      psy_arrival_radial01
D:2:      chequers_ecumenical_altar_simple_redux
D:3:      grunt_qazlal_clouds, uniq_jessica
D:4:      hex_medium, chei_slow_surprise, uniq_crazy_yiuf_cottage, uniq_sigmund,
          uniq_pikel
D:5:      gup_sewer_entry_pipe, serial_shops, shop, enter_ossuary_3,
          first_ration, uniq_edmund, uniq_duvessa, uniq_menkaure
D:6:      corexii_shack, eino_small_chamber_without_monster
D:7:      lemuel_coloured_pillars_altar, minmay_temple_entry_grid,
          serial_aquarium, aquarium_bridge_square, aquarium_window_1,
          aquarium_window_fake, aquarium_window_2, aquarium_window_1,
          aquarium_view_2e, aquarium_view_2c, aquarium_pool_double,
          serial_shops, kennysheep_little_box
D:8:      uniq_harold
D:9:      enter_bailey_2, hangedman_ranch
D:10:     kennysheep_orc_monster_closet_entryway,
          hangedman_abyss_or_decor_stabs, kennysheep_generic_room_7
D:11:     due_lair_maze_entry_diamond, chequers_garden,
          makhleb_altar_promises_db
Temple:   dpeg_three_leaves_temple
Lair:1:   kennysheep_rathole
Lair:2:   shoals_dummy_entry, guppyfry_snake_entry_garden,
          portal_ice_cave_entry_pillars_1, nicolae_volcano_entry_two_sided,
          st_stairs_4, grunt_megastairs_5, lemuel_fruit_tree
Ossuary:  ossuary_tomb_1
IceCv:    ice_cave_small_dragons
Volcano:  volcano_village

Table legend:
 A = Turns spent in this place as a percentage of turns spent in the entire game.
 B = Non-inter-level travel turns spent in this place as a percentage of non-inter-level travel turns spent in the entire game.
 C = Inter-level travel turns spent in this place as a percentage of turns spent in this place.
 D = Turns resting spent in this place as a percentage of non-inter-level travel turns spent in this place.
 E = Turns spent auto-exploring this place as a percentage of non-inter-level travel turns spent in this place.
 F = Non-inter-level travel turns spent in this place divided by the number of levels of this place that you've seen.
                   A       B       C       D       E      F
               +-------+-------+-------+-------+-------+----------------------
         Total | 100.0 | 100.0 |   4.1 |  35.7 |  38.2 | 905.6
       Dungeon |  88.8 |  88.3 |   4.5 |  37.8 |  38.6 | 1236.5
        Temple |   0.1 |   0.1 |   0.0 |   0.0 |   0.0 |   9.0
          Lair |   6.2 |   6.4 |   0.8 |  12.2 |  52.5 | 492.5
       Ossuary |   2.1 |   2.2 |   0.0 |   0.0 |  27.6 | 340.0
      Ice Cave |   2.2 |   2.3 |   0.0 |  63.1 |   4.2 | 360.0
       Volcano |   0.6 |   0.6 |   0.0 |   0.0 |   6.0 | 100.0
               +-------+-------+-------+-------+-------+----------------------

Table legend:
 A = Kills in this place as a percentage of kills in entire the game.
 B = Kills by you in this place as a percentage of kills by you in the entire game.
 C = Kills by friends in this place as a percentage of kills by friends in the entire game.
 D = Other kills in this place as a percentage of other kills in the entire game.
 E = Experience gained in this place as a percentage of experience gained in the entire game.
 F = Experience gained in this place divided by the number of levels of this place that you have seen.
                   A       B       C       D       E      F
               +-------+-------+-------+-------+-------+----------------------
         Total | 100.0 | 100.0 |   N/A | 100.0 | 100.0 | 2226.2
       Dungeon |  78.3 |  78.5 |   N/A |  50.0 |  72.1 | 2482.0
          Lair |   6.9 |   6.9 |   N/A |   0.0 |  15.3 | 2888.0
       Ossuary |   9.6 |   9.7 |   N/A |   0.0 |   0.4 | 169.0
      Ice Cave |   4.4 |   4.5 |   N/A |   0.0 |  10.8 | 4077.0
       Volcano |   0.7 |   0.5 |   N/A |  50.0 |   1.4 | 522.0
               +-------+-------+-------+-------+-------+----------------------
